 Dungeon Crawl Stone Soup version 0.19-a0-1714-gcab94ab (webtiles) character file.

25 Kurtz the Conjurer (level 3, -3/31 HPs)
             Began as an Ogre Conjurer on Sept 28, 2016.
             Slain by Natasha (6 damage)
             ... on level 2 of the Dungeon.
             The game lasted 00:02:04 (1508 turns).

Kurtz the Conjurer (Ogre Conjurer)                  Turns: 1508, Time: 00:02:05

Health: -3/31      AC:  4    Str: 13    XL:     3   Next: 4%
Magic:  0/6        EV: 10    Int: 15    God:
Gold:   77         SH:  0    Dex: 10    Spells: 2 memorised, 4 levels left

rFire  . . .     SeeInvis .     i - +0 short sword
rCold  . . .     Gourm    .     a - +0 robe
rNeg   . . .     Faith    .     (no shield)
rPois  .         Spirit   .     (helmet restricted)
rElec  .         Dismiss  .     (no cloak)
rCorr  .         Reflect  .     (gloves unavailable)
MR     .....     Harm     .     (boots unavailable)
Stlth  +.........               (no amulet)
                                (no ring)
                                (no ring)

@: very slightly contaminated, slowed, very slow
A: unfitting armour, tough skin 1
a: no special abilities


You were on level 2 of the Dungeon.
You were not hungry.

You visited 1 branch of the dungeon, and saw 2 of its levels.

You collected 77 gold pieces.

Inventory:

Hand Weapons
 i - a +0 short sword (weapon)
Missiles
 e - 8 silver javelins (quivered)
Armour
 a - a +0 robe (worn)
Scrolls
 d - a scroll of enchant weapon {unknown}
 f - a scroll of amnesia {unknown}
 g - 2 scrolls of identify {unknown}
 h - a scroll of blinking
Books
 b - a book of Conjurations

   Spells                             Type                      Level
   a - Magic Dart                     Conjuration                  1
   b - Searing Ray                    Conjuration                  2
   c - Dazzling Spray                 Conjuration/Hexes            3
   d - Fulminant Prism                Conjuration/Hexes            4
   e - Iskenderun's Mystic Blast      Conjuration                  4
   f - Iskenderun's Battlesphere      Conjuration/Charms           5
Comestibles
 c - a bread ration
 j - a meat ration
 l - a slice of pizza
 m - a royal jelly


   Skills:
 - Level 1.7 Dodging
 + Level 1.6 Stealth
 * Level 2.5 Spellcasting
 * Level 3.5 Conjurations


You had 4 spell levels left.
You knew the following spells:

 Your Spells              Type           Power        Failure   Level  Hunger
a - Magic Dart            Conj           ##..         6%          1    #......
b - Searing Ray           Conj           ##....       10%         2    ###....


Dungeon Overview and Level Annotations

Branches:
Dungeon (2/15)

Altars:

Annotations:
D:2 Natasha


Innate Abilities, Weirdness & Mutations

You are too large for most types of armour.
You have tough skin. (AC +1)


Message History

Casting: Searing Ray
Confirm with . or Enter, or press ? or * to list all spells.
Aiming: Searing Ray
Press: ? - help, Shift-Dir - straight line, f/p - Natasha
Aim: Natasha (severely wounded)
You miscast Searing Ray.
You are very lightly contaminated with residual magic.
You are momentarily dazzled by a flash of light!
Natasha stares at you and mumbles some strange words.
The magic dart hits you! Natasha claws you but does no damage.
The crimson imp blinks!
Natasha casts a spell at you. The magic dart hits you!
* * * LOW HITPOINT WARNING * * *
You barely miss Natasha.
Natasha is severely wounded.
Natasha claws you.
* * * LOW HITPOINT WARNING * * *
Natasha claws you.
You die...

### ..#
###.#
#@#.#####+#
#h#........
#5#..?!....
#...h......
####.......
.......
.......
.%...$.
#######


You could see Natasha and a shadow imp.

Vanquished Creatures
  2 dart slugs (D:1)
  A leopard gecko (D:1)
  A giant cockroach (D:1)
  3 goblins (D:1)
  3 hobgoblins (D:1)
  4 kobolds (D:1)
  3 bats
17 creatures vanquished.

Vanquished Creatures (others)
  A frilled lizard (D:2)
1 creature vanquished.

Grand Total: 18 creatures vanquished

Notes
Turn   | Place    | Note
-------+----------+-------------------------------------------
     0 | D:1      | Kurtz the Ogre Conjurer began the quest for the Orb.
     0 | D:1      | Reached XP level 1. HP: 16/16 MP: 3/3
    65 | D:1      | Reached skill level 3 in Conjurations
   517 | D:1      | Reached XP level 2. HP: 20/24 MP: 1/5
   923 | D:1      | Learned a level 2 spell: Searing Ray
  1253 | D:1      | Reached XP level 3. HP: 18/31 MP: 6/6
  1488 | D:2      | Noticed Natasha
  1508 | D:2      | Slain by Natasha

Vault maps used:
D:1:      lemuel_arrival_behind_the_door_large
D:2:      grunt_temple_overflow_gold_and_silver, marbit_many_paths,
          fiery_altar_vehumet, glass_columns_a, uniq_crazy_yiuf_cottage,
          uniq_natasha, uniq_terence

Skill      XL: |  1 |
---------------+----+-----
Conjurations   | 3 |  3.5
Dodging        | |  1.7
Stealth        | |  1.6
Spellcasting   | |  2.5

Action                   || total
-------------------------++-------
Melee: Short sword       ||    79
       Unarmed           ||     2
Throw: Javelin           ||     1
       Throwing net      ||     1
 Cast: Magic Dart        ||    14
       Searing Ray       ||     1
  Use: Scroll            ||     3
  Eat: Chunk             ||     2
Armor: Robe              ||    35
Dodge: Dodged            ||    57
